 Dungeon Crawl Stone Soup version 0.21-a0-552-g593960d (webtiles) character file.

74 Lavandula the Slasher (level 4, 35/35 HPs)
             Began as a Mummy Chaos Knight on Dec 17, 2017.
             Quit the game on level 2 of the Abyss.
             The game lasted 00:04:07 (2167 turns).

Lavandula the Slasher (Mummy Chaos Knight)          Turns: 2167, Time: 00:04:08

Health: 35/35      AC:  8    Str: 15    XL:     4   Next: 9%
Magic:  4/4        EV: 11    Int: 11    God:    Xom [...*..]
Gold:   66         SH:  0    Dex: 15    Spells: 3/3 levels left

rFire    x . .     SeeInvis .   a - +0 falchion (chaos)
rCold    + + .     Gourm    .   (no shield)
rNeg     + + +     Faith    .   b - +2 leather armour
rPois    ∞         Spirit   .   l - +0 helmet
rElec    .         Reflect  .   (no cloak)
rCorr    .         Harm     .   m - +1 pair of gloves {Dex+3}
MR       .....                  (no boots)
Stlth    +.........             (no amulet)
HPRegen  0.11/turn              k - ring of protection from cold
MPRegen  0.09/turn              (no ring)

@: no status effects
A: no food or potions, fire vulnerability, cold resistance 1, negative energy
resistance 3, torment resistance, unbreathing
a: Renounce Religion


You were on level 2 of the Abyss.
You worshipped Xom.
You were a favourite toy of Xom.
You were not hungry.

You visited 1 branch of the dungeon, and saw 2 of its levels.
You visited the Abyss 1 time.

You collected 66 gold pieces.

Inventory:

Hand Weapons
 a - a +0 falchion of chaos (weapon)
Missiles
 f - 7 exploding tomahawks (quivered)
 h - 6 needles of frenzy
Armour
 b - a +2 leather armour (worn)
 l - a +0 helmet (worn)
 m - a +1 pair of gloves of dexterity (worn)
Jewellery
 k - a ring of protection from cold (left hand)
Scrolls
 c - 2 scrolls of teleportation {unknown}
 d - a scroll of fear {unknown}
 e - 2 scrolls of remove curse
 g - 2 scrolls of identify {unknown}
 i - a scroll of noise {unknown}
 j - a scroll of amnesia {unknown}


   Skills:
 - Level 3.0 Fighting
 + Level 4.1 Long Blades
 - Level 1.5 Armour
 - Level 0.7 Dodging


You had 3 spell levels left.
You didn't know any spells.

Dungeon Overview and Level Annotations

Branches:
Dungeon (2/15)

Altars:
Sif Muna


Innate Abilities, Weirdness & Mutations

You do not eat or drink.
Your flesh is vulnerable to fire.
You are immune to poison.
Your flesh is cold resistant. (rC+)
You are immune to negative energy. (rN+++)
You are immune to unholy pain and torment.
You can survive without breathing.


Message History

Found a stone staircase leading down.
You open the door.
There is an open door here.
Xom's power touches on you for a moment.
You are cast into the Abyss!
To return, you must find a gate leading back.
Killing monsters will force the Abyss to allow you passage.
This branch contains the abyssal rune of Zot.
Found a bubbling coppery potion.
Unknown command.
Unknown command.
Found a scroll labeled MOVOKA VEUTOST.
c - 2 scrolls labeled MOVOKA VEUTOST (gained 1)
Found 19 stones.
Found a chain mail.
An ancient zyme comes into view.
You are now a favourite toy of Xom. "Just a minor improvement..."
A smoke demon comes into view.
Are you sure you want to abandon this character and quit the game? (Confirm with "yes".)

#.#.... ...
... . #...
##......#. #.
........ ...
#.#.##..##..#
##.. .....#
##.......#
#.# ....##
###....###
##@###_..#
#.x##..###
#.#.##.#
#...#..#
##.#.###
#...3. ..#
###.#..3.#
###.##..# .
..


You could see an ancient zyme and a smoke demon (wandering).

Vanquished Creatures
  2 adders (D:2)
  A worm (D:2)
  3 leopard geckos (D:1)
  4 bats
  4 giant cockroaches
  9 goblins
  8 hobgoblins
  A ball python (D:1)
  3 frilled lizards (D:1)
  5 kobolds
  4 rats
44 creatures vanquished.

Vanquished Creatures (collateral kills)
  2 worms (D:2)
2 creatures vanquished.

Grand Total: 46 creatures vanquished

Notes
Turn   | Place    | Note
-------+----------+-------------------------------------------
     0 | D:1      | Lavandula the Mummy Chaos Knight began the quest for the Orb.
     0 | D:1      | Reached XP level 1. HP: 18/18 MP: 1/1
   107 | D:1      | Reached skill level 3 in Long Blades
   107 | D:1      | Reached XP level 2. HP: 2/24 MP: 2/2
   394 | D:1      | XOM: cast spell 'Call Canine Familiar'
   689 | D:1      | Reached XP level 3. HP: 23/29 MP: 3/3
   709 | D:1      | XOM: mild Tloc miscast
  1074 | D:1      | XOM: harmless Fire miscast
  1118 | D:1      | XOM: silly message
  1358 | D:1      | XOM: mild Tmut miscast
  1369 | D:2      | XOM: divination: magic mapping
  1413 | D:2      | XOM: harmless Fire miscast
  1478 | D:2      | Found a deep blue altar of Sif Muna.
  1527 | D:2      | XOM: summons 2 friendly demons
  1703 | D:2      | XOM: harmless Air miscast
  1727 | D:2      | Reached skill level 4 in Long Blades
  1873 | D:2      | Reached XP level 4. HP: 35/35 MP: 4/4
  2119 | D:2      | XOM: medium Tloc miscast
  2119 | D:2      | Cast into level 2 of the Abyss (the capriciousness of Xom)
  2150 | Abyss:2  | Noticed an ancient zyme
  2161 | Abyss:2  | XOM: scenery: create altars
  2163 | Abyss:2  | Noticed a smoke demon
  2167 | Abyss:2  | Quit the game

Vault maps used:
D:1:      ncdulo_watergridlock
D:2:      lemuel_blue_sif_altar, kennysheep_cluttered_room,
          minmay_misc_feat_five
Abyss:2:  hangedman_eye_storm

Skill      XL: |  1  2  3 |
---------------+----------+-----
Long Blades    | 3 4 |  4.1
Fighting       | |  3.0
Armour         | |  1.5
Dodging        | |  0.7

Action                   |  1- 3 |  4- 6 || total
-------------------------+-------+-------++-------
Melee: Falchion          |   125 |    10 ||   135
  Use: Scroll            |       |     1 ||     1
Armor: Leather armour    |    34 |     4 ||    38
Dodge: Dodged            |    68 |     6 ||    74
       Rpst.: Falchion   |    19 |     2 ||    21

Table legend:
 A = Spawn XP
 B = Non-spawn XP
 C = Spawn XP percentage of total XP
 D = Spawn monster count
 E = Non-spawn monster count
 F = Spawn count percentage of total count
 G = Total turns spent on level
                    A         B        C        D         E        F      G
               +---------+---------+-------+---------+---------+-------+---------
         Total |       0 |     106 |   0.0 |       0 |      46 |   0.0 |  2167
               +---------+---------+-------+---------+---------+-------+---------
           D:1 |       0 |      52 |   0.0 |       0 |      30 |   0.0 |  1271
           D:2 |       0 |      54 |   0.0 |       0 |      16 |   0.0 |   848
               +---------+---------+-------+---------+---------+-------+---------
